 Dungeon Crawl Stone Soup version 0.18.1-6-gd335043 (webtiles) character file.

4781 deorigin the Carver (level 10, -13/84 HPs)
             Began as a Minotaur Berserker on May 17, 2016.
             Was a High Priest of Trog.
             Killed by drain life
             ... invoked by a soul eater
             ... summoned by a kobold demonologist
              (15 damage)
             ... in a bailey.
             The game lasted 00:17:11 (7097 turns).

deorigin the Carver (Minotaur Berserker)            Turns: 7097, Time: 00:17:12

Health: -13/84     AC: 12    Str: 22    XL:     10   Next: 23%
Magic:  9/9        EV: 10    Int:  4    God:    Trog [*****.]
Gold:   263        SH:  0    Dex: 13    Spells: 0 memorised, 9 levels left

rFire  . . .     SeeInvis .     a - +0 falchion
rCold  + . .     Gourm    .     i - +0 chain mail
rNeg   . . .     Faith    .     (no shield)
rPois  .         Spirit   .     (helmet restricted)
rElec  .         Dismiss  .     (no cloak)
rCorr  .         Reflect  .     (no gloves)
SustAt .         Harm     .     k - +1 pair of boots
MR     .....                    (no amulet)
Stlth  ..........               (no ring)
                                D - ring of protection from cold

@: exhausted, slowed, very slow, not resistant to hostile enchantments,
extremely unstealthy
A: retaliatory headbutt, horns 2
a: Berserk, Trog's Hand, Brothers in Arms, Burn Spellbooks, Renounce Religion


You were in a bailey.
You worshipped Trog.
Trog was extremely pleased with you.
You were near starving.

You visited 1 branch of the dungeon, and saw 8 of its levels.
You also visited: Bailey.

You collected 263 gold pieces.

Inventory:

Hand Weapons
 a - a +0 falchion (weapon)
 S - a +0 flail of protection
Missiles
 j - 2 throwing nets (quivered)
 o - 26 poisoned needles
 w - 6 javelins
Armour
 b - a +0 animal skin
 h - a +0 ring mail
 i - a +0 chain mail (worn)
 k - a +1 pair of boots (worn)
 p - a +0 scale mail
Jewellery
 D - a ring of protection from cold (left hand)
 R - an uncursed ring of positive energy {unknown}
Wands
 x - a wand of slowing (27/48)
 y - a wand of flame (11/48)
 C - a wand of slowing (19/48)
 I - a wand of iceblast (12/15)
 J - a wand of acid (13/15)
 O - a wand of acid (11/15)
 P - a wand of random effects (36/48)
 U - a wand of acid (10/15)
 V - a wand of slowing (23/48)
Scrolls
 d - 5 scrolls of remove curse {unknown}
 f - 6 scrolls of identify {unknown}
 g - 3 scrolls of magic mapping {unknown}
 m - a scroll of blinking {unknown}
 n - 6 scrolls of teleportation {unknown}
 r - a scroll of fog {unknown}
 v - a scroll of enchant weapon {unknown}
 B - a scroll of amnesia {unknown}
 E - 2 scrolls of random uselessness {unknown}
 F - a scroll of fear {unknown}
 M - 2 scrolls of enchant armour {unknown}
 N - a scroll of recharging {unknown}
Potions
 e - 2 potions of might {unknown}
 l - 2 potions of beneficial mutation {unknown}
 q - 3 potions of curing {unknown}
 s - 4 potions of flight {unknown}
 t - 3 potions of brilliance {unknown}
 u - a potion of invisibility {unknown}
 z - 6 potions of heal wounds {unknown}
 A - a potion of cancellation {unknown}
 G - a potion of ambrosia {unknown}
 K - a potion of degeneration {unknown}
 T - a potion of magic {unknown}
Comestibles
 c - 4 bread rations
 H - 3 meat rations
 L - a fruit
 Q - 2 chunks of flesh


   Skills:
 + Level 6.8 Fighting
 + Level 14.4 Long Blades
 + Level 7.2 Armour
 + Level 4.9 Dodging
 - Level 0.8 Stealth


You had 9 spell levels left.
You didn't know any spells.

Dungeon Overview and Level Annotations

Branches:
Dungeon (8/15)             Temple (0/1) D:7
   Lair: D:8-11

Altars:
Ashenzari
Cheibriados
Fedhas
Gozag
Okawaru
Sif Muna
Xom

Annotations:
D:5 Prince Ribbit


Innate Abilities, Weirdness & Mutations

You reflexively headbutt those who attack you in melee.
You have a pair of horns on your head.


Message History

Your ogre's corpse disappears in a puff of smoke!
You slash the hobgoblin!
You kill the hobgoblin!
Trog accepts your kill.
You are no longer berserk.
You are exhausted.
You feel yourself slow down.
You are near starving!
The kobold demonologist hits you with a broad axe!
* * * LOW HITPOINT WARNING * * *
You hit the kobold demonologist but do no damage.
Your headbutt misses the kobold demonologist.
The orc knight closely misses you.
The hobgoblin hits you but does no damage.
Your chain mail prevents you from hitting the kobold demonologist.
The kobold demonologist hits you but does no damage.
The orc knight hits you but does no damage.
The hobgoblin closely misses you.
The soul eater draws from the surrounding life force!
You die...

#...........#
#####)''#####
#..')))..'..#
#..'.....'..#
#..#..⌠..#..####
.....#.....#.....#
#.8...#.....#...8.#
#.....#######.....#
#.8.## ###@8)# #...
.....3oKg.# #.8.
.......38.#
._........+
.......#+## #######
..! #..?


You could see an orc knight, 2 soul eaters, a kobold demonologist and a
hobgoblin.

Vanquished Creatures
  Pikel (D:4)
  An orc sorcerer (Bailey)
  A kobold demonologist (D:6)
  The ghost of Liquid the Ruffian, a novice VSMo of Cheibriados (D:6)
  A hippogriff (D:7)
  Menkaure (D:4)
  Edmund (D:5)
  4 orc warriors
  A black bear (D:7)
  3 sky beasts
  3 slaves (D:4)
  A phantom (D:5)
  4 ice beasts
  A necrophage (D:8)
  An ogre (D:4)
  A centaur (D:6)
  5 giant frogs
  4 howler monkeys
  A jelly (D:5)
  2 giant frog zombies
  6 hounds
  Crazy Yiuf (D:3)
  A wasp zombie (D:6)
  A centaur zombie (D:5)
  4 orc priests
  A quasit (D:7)
  A giant frog skeleton (D:5)
  3 iguanas
  6 orc wizards
  5 worker ants
  Terence (D:3)
  13 adders
  2 shadow imps
  2 oozes
  An adder zombie (D:7)
  3 adder skeletons
  A worm (D:2)
  2 dart slugs
  4 giant geckos
  22 orcs
  4 giant cockroaches
  14 goblins
  14 hobgoblins
  18 jackals
  2 quokkas
  11 bats
  6 giant newts
  9 kobolds
  5 rats
201 creatures vanquished.

Vanquished Creatures (others)
  A gnoll (Bailey)
  2 fungi (D:3)
3 creatures vanquished.

Grand Total: 204 creatures vanquished

Notes
Turn   | Place    | Note
--------------------------------------------------------------
     0 | D:1      | deorigin the Minotaur Berserker began the quest for the Orb.
     0 | D:1      | Reached XP level 1. HP: 19/19 MP: 0/0
    32 | D:1      | Reached XP level 2. HP: 20/27 MP: 1/1
   445 | D:1      | Reached skill level 4 in Long Blades
   445 | D:1      | Reached XP level 3. HP: 17/33 MP: 2/2
   727 | D:1      | Reached ** piety under Trog
  1064 | D:2      | Reached XP level 4. HP: 36/41 MP: 3/3
  1209 | D:2      | Found a faded altar to an unknown god.
  1325 | D:2      | Found an iron altar of Okawaru.
  1334 | D:2      | Found an opulent altar of Gozag.
  2076 | D:3      | Reached *** piety under Trog
  2142 | D:3      | Reached XP level 5. HP: 47/47 MP: 4/4
  2267 | D:3      | Noticed Crazy Yiuf
  2275 | D:3      | Killed Crazy Yiuf
  2418 | D:3      | Noticed Terence
  2428 | D:3      | Killed Terence
  2489 | D:3      | Found a deep blue altar of Sif Muna.
  2710 | D:4      | Noticed an ogre
  2713 | D:4      | Killed an ogre
  2713 | D:4      | Reached skill level 5 in Long Blades
  2713 | D:4      | Reached XP level 6. HP: 55/55 MP: 5/5
  2824 | D:4      | Noticed a slave
  2824 | D:4      | Noticed a slave
  2825 | D:4      | Noticed a slave
  2827 | D:4      | Noticed a slave
  2828 | D:4      | Noticed Pikel
  2835 | D:4      | Killed a slave
  2843 | D:4      | Killed a slave
  2849 | D:4      | Killed a slave
  2861 | D:4      | Killed Pikel
  2861 | D:4      | Reached skill level 5 in Fighting
  2861 | D:4      | Reached skill level 6 in Long Blades
  2861 | D:4      | Reached skill level 5 in Armour
  2861 | D:4      | Reached XP level 7. HP: 43/62 MP: 6/6
  3073 | D:4      | Noticed Menkaure
  3078 | D:4      | Killed Menkaure
  3078 | D:4      | Reached skill level 7 in Long Blades
  3426 | D:4      | Reached XP level 8. HP: 66/70 MP: 7/7
  3431 | D:4      | Reached **** piety under Trog
  3588 | D:5      | Entered Level 5 of the Dungeon
  3735 | D:5      | Reached skill level 8 in Long Blades
  3776 | D:5      | Found a blossoming altar of Fedhas.
  3980 | D:5      | Reached skill level 9 in Long Blades
  3992 | D:5      | Noticed Edmund
  4014 | D:5      | Killed Edmund
  4106 | D:5      | Reached skill level 10 in Long Blades
  4362 | D:5      | Noticed Prince Ribbit
  4522 | D:6      | Noticed a kobold demonologist
  4522 | D:6      | Noticed Liquid's ghost (novice VSMo)
  4531 | D:6      | Noticed a hellwing
  4550 | D:6      | Noticed a red devil
  4554 | D:6      | Killed Liquid's ghost
  4554 | D:6      | Reached skill level 11 in Long Blades
  4554 | D:6      | Reached XP level 9. HP: 77/77 MP: 8/8
  4561 | D:6      | Killed a kobold demonologist
  4720 | D:6      | Reached skill level 12 in Long Blades
  5111 | D:6      | Found a shattered altar of Ashenzari.
  5193 | D:6      | Reached ***** piety under Trog
  5357 | D:6      | Reached skill level 13 in Long Blades
  5759 | D:7      | Found a shimmering altar of Xom.
  6262 | D:7      | Found a snail-covered altar of Cheibriados.
  6287 | D:7      | Found a staircase to the Ecumenical Temple.
  6608 | D:8      | Reached skill level 14 in Long Blades
  6674 | D:8      | Reached XP level 10. HP: 67/84 MP: 9/9
  6838 | D:8      | Found a flagged portal.
  6846 | Bailey   | Entered a bailey
  7070 | Bailey   | Noticed an orc knight
  7071 | Bailey   | Found an iron altar of Okawaru.
  7071 | Bailey   | Noticed an orc sorcerer
  7080 | Bailey   | Noticed a soul eater
  7083 | Bailey   | Noticed a soul eater
  7091 | Bailey   | Killed an orc sorcerer
  7095 | Bailey   | HP: 1/84 [kobold demonologist/broad axe (9)]
  7097 | Bailey   | Killed from afar by a soul eater

Skill      XL: |  1  2  3  4  5  6  7  8  9 10 |
---------------+-------------------------------+-----
Fighting       | 4 5 6 |  6.8
Long Blades    | 4 5 6 7 11 14 | 14.4
Dodging        | 3 4 |  4.9
Armour         | 3 4 5 6 7 |  7.2
Stealth        | |  0.8

Action                   |  1- 3 |  4- 6 |  7- 9 | 10-12 || total
-------------------------+-------+-------+-------+-------++-------
Melee: Falchion          |    75 |   138 |   391 |    69 ||   673
       Headbutt          |    11 |    32 |    85 |    12 ||   140
Invok: Berserk           |       |       |     3 |     2 ||     5
       Trog's Hand       |       |       |     1 |       ||     1
       Brothers in Arms  |       |       |       |     2 ||     2
 Stab: Sleeping          |     1 |       |       |       ||     1
  Eat: Chunk             |       |     6 |    16 |     2 ||    24
Armor: Animal skin       |     9 |       |       |       ||     9
       Chain mail        |    18 |    79 |   207 |    21 ||   325
       Ring mail         |     4 |       |       |       ||     4
Dodge: Dodged            |    66 |    72 |   174 |    31 ||   343
